 Dungeon Crawl Stone Soup version 0.24-a0-459-g225fefd530 (webtiles) character file.

Game seed: 7270828667592097817

2316 Peloso the Carver (level 9, -17/75 HPs)
             Began as a Minotaur Fighter on June 30, 2019.
             Was a Believer of Okawaru.
             Demolished by an Ice Fiend (33 damage)
             ... summoned by an ancient lich
             ... on level 1 of the Abyss.
             The game lasted 00:11:25 (5464 turns).

Peloso the Carver (Minotaur Fighter)                Turns: 5464, Time: 00:11:26

Health: -17/75     AC: 17    Str: 23    XL:     9   Next: 18%
Magic:  8/8        EV:  8    Int:  5    God:    Okawaru [**....]
Gold:   265        SH: 11    Dex: 11    Spells: 8/8 levels left

rFire    . . .     SeeInvis .   a - +0 long sword
rCold    . . .     Gourm    .   c - +0 shield
rNeg     . . .     Faith    .   p - +0 plate armour
rPois    .         Spirit   .   (helmet restricted)
rElec    .         Reflect  .   (no cloak)
rCorr    .         Harm     .   y - +0 pair of gloves (curse)
MR       .....                  (no boots)
Stlth    ..........             (no amulet)
HPRegen  0.00/turn              h - +2 ring of evasion
MPRegen  0.11/turn              q - +2 ring of protection

@: non-regenerating, mildly diseased
A: retaliatory headbutt, horns 2
a: Heroism, Renounce Religion


You were on level 1 of the Abyss.
You worshipped Okawaru.
Okawaru was pleased with you.
You were near starving.

You visited 2 branches of the dungeon, and saw 7 of its levels.
You visited the Abyss 1 time.
You also visited: Sewer.

You collected 342 gold pieces.
You spent 77 gold pieces at shops.

Inventory:

Hand Weapons
 a - a +0 long sword (weapon)
 E - a +1 whip of flaming
Armour
 b - a +0 scale mail
 c - a +0 shield (worn)
 p - a +0 plate armour (worn)
 y - a cursed +0 pair of gloves (worn)
Jewellery
 h - a +2 ring of evasion (left hand)
 n - an uncursed ring of protection from fire
 q - a +2 ring of protection (right hand)
Scrolls
 i - 5 scrolls of teleportation
 j - a scroll of identify
 k - 3 scrolls of fog {unknown}
 l - a scroll of blinking {unknown}
 m - a scroll of remove curse {unknown}
 s - a scroll of noise {unknown}
 x - a scroll of vulnerability {unknown}
 z - a scroll of random uselessness {unknown}
Potions
 d - 3 potions of might
 e - 4 potions of haste
 g - 7 potions of curing
 o - 2 potions of agility
 r - a potion of magic
 t - 2 potions of invisibility {unknown}
 u - a potion of mutation {unknown}
 v - 4 potions of flight
 w - a potion of degeneration {unknown}
 A - a potion of berserk rage {unknown}
 B - a potion of brilliance {unknown}
 D - 2 potions of lignification {unknown}
Comestibles
 f - 11 rations


   Skills:
 + Level 6.1 Fighting
 + Level 9.7 Long Blades
 + Level 8.3 Armour
 + Level 1.3 Dodging
 + Level 0.4 Stealth
 + Level 7.4 Shields


You had 8 spell levels left.
You didn't know any spells.
Your spell library was empty.

Dungeon Overview and Level Annotations

Branches:
Dungeon (6/15)             Temple (1/1) D:4

Altars:
Elyvilon
Fedhas
Gozag
Hepliaklqana
Kikubaaqudgha
Makhleb
Nemelex Xobeh
Okawaru
Qazlal
Sif Muna
Trog
Uskayaw
Vehumet
Zin
The Shining One

Shops:
D:4 (   D:5 !%(


Innate Abilities, Weirdness & Mutations

You reflexively headbutt those who attack you in melee.
You have a pair of horns on your head.


Message History

Your headbutt misses something.
A small abomination comes into view.
You hear some strange, mumbled words.
Your shield and plate armour prevent you from hitting something.
Tentacles burst from the starspawn's body! 2 starspawn tentacles come into view.
You closely miss something. The Ice Fiend barely misses you.
You furiously retaliate!
You headbutt the Ice Fiend, but do no damage.
The Ice Fiend claws you but does no damage.
Something touches you but does no damage.
The small abomination hits you but does no damage.
The tentacled starspawn bites you but does no damage.
The tentacled starspawn engulfs you!
You completely miss something. You block something's attack.
The Ice Fiend claws you but does no damage.
The Ice Fiend claws you!
* * * LOW HITPOINT WARNING * * *
The Ice Fiend freezes you!!
You die...

..# #. .# #
#. # .##.## [
. ####....# #
. ##...##.###
..#
.##...###.# #
. #.####.#..#
.
...#...{##w.#
.......
##@X##..# #..
#.#..#x1w.###
# ####
##..#..# . #.
# #.
.#.#...## .
...# ..#
....#
ยง...#.##.#
#.### .### ..
.# .. # #..
###.#.# ### #
. . ...


You could see an Ice Fiend, a tentacled starspawn, a small abomination and 2
starspawn tentacles.

Vanquished Creatures
  Pikel (D:6)
  An ancient zyme (Abyss:1)
  Prince Ribbit (D:5)
  4 yaks (D:5)
  Menkaure (D:6)
  Duvessa (D:5)
  A black bear (D:4)
  2 slaves (D:6)
  A centaur (D:6)
  A bullfrog (D:6)
  Dowan (D:5)
  2 jellies (D:6)
  3 worker ants
  A killer bee zombie (D:5)
  A hound zombie (D:5)
  5 adders
  A river rat (D:4)
  A shadow imp (D:5)
  4 oozes (Sewer)
  8 worms
  A dart slug (D:3)
  4 leopard geckos
  6 orcs
  18 bats
  10 giant cockroaches
  7 goblins
  3 hobgoblins
  16 jackals
  2 quokkas (D:3)
  5 ball pythons
  5 frilled lizards
  10 kobolds
  2 rats
130 creatures vanquished.

Notes
Turn   | Place    | Note
-------+----------+-------------------------------------------
     0 | D:1      | Peloso the Minotaur Fighter began the quest for the Orb.
     0 | D:1      | Reached XP level 1. HP: 19/19 MP: 0/0
   187 | D:1      | Reached XP level 2. HP: 26/27 MP: 1/1
   883 | D:2      | Reached XP level 3. HP: 32/33 MP: 2/2
   972 | D:2      | Reached skill level 3 in Long Blades
  1334 | D:2      | Reached XP level 4. HP: 38/40 MP: 3/3
  1638 | D:3      | Found a blossoming altar of Fedhas.
  1705 | D:3      | Found a hazy altar of Hepliaklqana.
  1923 | D:3      | Found a white marble altar of Elyvilon.
  1962 | D:3      | Found a stormy altar of Qazlal.
  1966 | D:3      | Found a sparkling altar of Nemelex Xobeh.
  2421 | D:4      | Reached skill level 4 in Long Blades
  2464 | D:4      | Found Hoerymm's Weapon Boutique.
  2575 | D:4      | Noticed a black bear
  2589 | D:4      | Killed a black bear
  2589 | D:4      | Reached skill level 1 in Dodging
  2589 | D:4      | Reached XP level 5. HP: 33/47 MP: 4/4
  2625 | D:4      | Found a staircase to the Ecumenical Temple.
  2675 | D:4      | Found a glowing drain.
  2687 | Sewer    | Entered a sewer
  3173 | Sewer    | Reached skill level 5 in Long Blades
  3173 | Sewer    | Reached XP level 6. HP: 51/53 MP: 5/5
  3174 | Sewer    | Reached skill level 5 in Armour
  3229 | Sewer    | Reached skill level 5 in Shields
  3501 | D:5      | Entered Level 5 of the Dungeon
  3650 | D:5      | Found Hipooluy's Weapon Shoppe.
  3652 | D:5      | Noticed Prince Ribbit
  3670 | D:5      | Killed Prince Ribbit
  3670 | D:5      | Reached skill level 6 in Long Blades
  3670 | D:5      | Reached XP level 7. HP: 57/60 MP: 6/6
  3738 | D:5      | Found Amme One's Distillery.
  3742 | D:5      | Bought a potion of might for 44 gold pieces
  3742 | D:5      | Bought a potion of flight for 33 gold pieces
  3771 | D:5      | Found Hootagoj's Food Shoppe.
  3849 | D:5      | Noticed a yak
  3849 | D:5      | Noticed a yak
  3850 | D:5      | Noticed a yak
  3851 | D:5      | Noticed a yak
  3873 | D:5      | Killed a yak
  3873 | D:5      | Reached skill level 5 in Fighting
  3883 | D:5      | Killed a yak
  3883 | D:5      | Reached skill level 7 in Long Blades
  3888 | D:5      | Killed a yak
  3896 | D:5      | Killed a yak
  3896 | D:5      | Reached XP level 8. HP: 24/69 MP: 7/7
  4379 | D:5      | Noticed Duvessa
  4379 | D:5      | Noticed Dowan
  4433 | Temple   | Entered the Ecumenical Temple
  4452 | Temple   | Became a worshipper of Warmaster Okawaru
  4659 | D:5      | Killed Duvessa
  4659 | D:5      | Reached skill level 8 in Long Blades
  4669 | D:5      | Killed Dowan
  4842 | D:6      | Noticed Pikel
  4880 | D:6      | Killed Pikel
  4880 | D:6      | Reached * piety under Okawaru
  4880 | D:6      | Reached skill level 9 in Long Blades
  4990 | D:6      | Reached ** piety under Okawaru
  5057 | D:6      | Noticed Menkaure
  5061 | D:6      | Killed Menkaure
  5061 | D:6      | Reached XP level 9. HP: 39/75 MP: 8/8
  5345 | D:6      | Cast into level 1 of the Abyss (orc warrior)
  5351 | Abyss:1  | Found a blossoming altar of Fedhas.
  5361 | Abyss:1  | Noticed a worldbinder
  5364 | Abyss:1  | Noticed a yaktaur
  5365 | Abyss:1  | Noticed a yaktaur
  5365 | Abyss:1  | Noticed a vault sentinel
  5378 | Abyss:1  | Noticed an ironheart preserver
  5378 | Abyss:1  | Noticed a yaktaur
  5381 | Abyss:1  | Found a corrupted altar of Lugonu.
  5418 | Abyss:1  | Noticed an ancient zyme
  5430 | Abyss:1  | Killed an ancient zyme
  5451 | Abyss:1  | Noticed a tentacled starspawn
  5457 | Abyss:1  | Noticed an ancient lich
  5462 | Abyss:1  | Noticed an Ice Fiend
  5464 | Abyss:1  | Demolished by an Ice Fiend

Levels and vault maps discovered:
D:1:      erik_arrival_blinker_ship, layout_basic, serial_forest,
          infiniplex_forest_lined_4_way, infiniplex_forest_clump_curved,
          infiniplex_forest_lined_2, infiniplex_forest_clump_medium,
          infiniplex_forest_end_3, infiniplex_forest_clump_tiny
D:2:      layout_basic, first_ration, minmay_misc_feat_four_crosses
D:3:      layout_basic, old_standard_altar, fedhas_altar_4, minitemple
D:4:      layout_basic, minmay_temple_entry_antechambers, portal_sewer_entry_a,
          serial_shops, kennysheep_mini_moat
D:5:      layout_cave_pods, serial_shops, nicolae_shop_trees,
          nicolae_shop_crystal, shop, uniq_duvessa, uniq_prince_ribbit1
D:6:      layout_basic, serial_corexii_hall, corexii_hall_statues_l,
          chequers_hall_statues_y, uniq_menkaure, uniq_pikel
Temple:   minmay_temple_bridge_abc
Abyss:1:  evilmike_abyss_exit_9

Skill      XL: |  1  2  3  4  5  6  7  8 |
---------------+-------------------------+-----
Fighting       | 4 5 6 |  6.1
Armour         | 4 5 6 8 |  8.3
Shields        | 4 5 6 7 |  7.4
Long Blades    | 3 4 5 6 7 9 |  9.7
Dodging        | 1 |  1.3
Stealth        | |  0.4

Action                   |  1- 3 |  4- 6 |  7- 9 || total
-------------------------+-------+-------+-------++-------
Melee: Long sword        |    83 |   187 |   166 ||   436
       Headbutt          |     9 |    34 |    44 ||    87
  Use: Scroll            |       |     5 |     1 ||     6
  Eat: Chunk             |       |     9 |     5 ||    14
Armor: Scale mail        |    42 |       |       ||    42
       Plate armour      |     6 |   181 |    84 ||   271
Dodge: Dodged            |    30 |    81 |    35 ||   146
Block: Shield            |    50 |   157 |    78 ||   285
       Rpst.: Long sword |     5 |    15 |    13 ||    33

Table legend:
 A = Non-vault XP
 B = Vault XP
 C = Vault XP percentage of total XP
 D = Non-vault monster count
 E = Vault monster count
 F = Vault count percentage of total count
                 A         B        C        D         E       F
            +---------+---------+-------+---------+---------+-------
      Total |    1916 |    1393 |  42.1 |      92 |      36 |  28.1
            +---------+---------+-------+---------+---------+-------
        D:1 |      26 |       0 |   0.0 |      15 |       0 |   0.0
        D:2 |      89 |       0 |   0.0 |      25 |       0 |   0.0
        D:3 |      39 |       0 |   0.0 |      17 |       0 |   0.0
        D:4 |     192 |      20 |   9.4 |       9 |       5 |  35.7
        D:5 |     888 |     503 |  36.2 |      15 |       3 |  16.7
        D:6 |     364 |     789 |  68.4 |      10 |       2 |  16.7
    Abyss:1 |     318 |       0 |   0.0 |       1 |       0 |   0.0
      Sewer |       0 |      81 | 100.0 |       0 |      26 | 100.0
            +---------+---------+-------+---------+---------+-------
